 Dungeon Crawl Stone Soup version 0.28.0 (webtiles) character file.

Game seed: 1133458142164942474

2208 AmazingTV the Covert (level 9, -1/41 HPs)
             Began as a Spriggan Brigand on June 24, 2022.
             Was a Follower of Okawaru.
             Slain by a scorpion (5 damage)
             ... on level 7 of the Dungeon on June 25, 2022.
             The game lasted 00:34:33 (10568 turns).

AmazingTV the Covert (Spriggan Brigand)            Turns: 10568, Time: 00:34:33

Health: -1/41      AC:  3    Str:  9    XL:     9   Next: 13%
Magic:  0/10       EV: 25    Int: 13    God:    Okawaru [*.....]
Gold:   224        SH:  0    Dex: 18    Spells: 8/8 levels left

rFire   . . .      SeeInvis +   a - +2 dagger
rCold   + . .      Faith    .   (no shield)
rNeg    . . .      Spirit   +   E - +0 robe {rC+}
rPois   .          Reflect  .   F - +0 hat
rElec   .          Harm     .   c - +0 cloak
rCorr   .          Rampage  .   (gloves unavailable)
Will    +....                   (boots unavailable)
Stlth   +++++++...              y - amulet of guardian spirit
HPRegen 0.13/turn               i - +4 ring of evasion
MPRegen 0.12/turn               e - ring of flight

@: mighty, lethally poisoned (-1 -> -6), about to teleport, heroic, flying, very
quick
A: very small, no large weapons, unfitting armour, see invisible, speed 3
a: Renounce Religion, Heroism


You were on level 7 of the Dungeon.
You worshipped Okawaru.
Okawaru was aware of your devotion.
You visited 1 branch of the dungeon, and saw 7 of its levels.

You collected 224 gold pieces.

Inventory:

Hand Weapons
 a - a +2 dagger (weapon)
 b - a +0 hunting sling
 A - a +1 short sword of protection
 B - a +0 shortbow
 C - a +1 flail of holy wrath
Missiles
 d - 4 poisoned darts (quivered)
 m - 27 sling bullets
 q - 105 arrows
 t - 190 stones
Armour
 c - a +0 cloak (worn)
 E - a +0 robe of cold resistance (worn)
 F - a +0 hat (worn)
Jewellery
 e - a ring of flight (right hand)
 i - a +4 ring of evasion (left hand)
 y - an amulet of guardian spirit (around neck)
Wands
 r - a wand of polymorph (23)
 u - a wand of flame (2)
Scrolls
 f - 2 scrolls of teleportation
 g - a scroll of immolation {unknown}
 h - 2 scrolls of magic mapping
 k - 2 scrolls of identify {unknown}
 s - a scroll of torment {unknown}
 v - a scroll of enchant armour {unknown}
 w - a scroll of fear {unknown}
 z - a scroll of blinking {unknown}
 D - a scroll of amnesia {unknown}
Potions
 j - 2 potions of might
 l - 3 potions of heal wounds {unknown}
 n - a potion of curing {unknown}
 o - a potion of haste {unknown}
 p - a potion of attraction {unknown}
 x - 2 potions of cancellation {unknown}
 G - a potion of ambrosia {unknown}


   Skills:
 - Level 1.5(6.5) Fighting
 + Level 8.0(13.0) Short Blades
 + Level 4.1(11.3) Slings
 - Level 6.2(11.6) Throwing
 - Level 1.3(6.3) Dodging
 + Level 12.2(17.2) Stealth


You had 8 spell levels left.
You didn't know any spells.
Your spell library contained the following spells:

 Spells                   Type           Power      Damage    Failure   Level
 Pain                     Necr           0%         1d4       30%         1
 Slow                     Hex            0%         N/A       30%         1
 Sting                    Tmut/Pois      0%         1d3       30%         1
 Poisonous Vapours        Pois/Air       0%         N/A       43%         2
 Confusing Touch          Hex            0%         N/A       67%         3
 Dazzling Flash           Conj/Hex       0%         N/A       67%         3
 Vampiric Draining        Necr           0%         2d6       67%         3
 Hailstorm                Conj/Ice       0%         3d3       97%         4
 Ice Form                 Ice/Tmut       0%         N/A       97%         4
 Iskenderun's Mystic Bla  Conj/Tloc      0%         2d3       97%         4
 Olgreb's Toxic Radiance  Pois           0%         N/A       97%         4
 Starburst                Conj/Fire      0%         6d3       100%        6
 Animate Skeleton         Necr           Unusable   N/A       N/A         1
 Simulacrum               Ice/Necr       Unusable   N/A       N/A         6

Dungeon Overview and Level Annotations

Branches:
Dungeon (7/15)             Temple (0/1) D:7

Altars:
Dithmenos
Makhleb
Nemelex Xobeh
Okawaru
Yredelemnul
Zin
The Shining One


Innate Abilities, Weirdness & Mutations

You are very small and have problems with some larger weapons.
You are too small for most types of armour.
You have supernaturally acute eyesight. (SInv)
You cover ground extremely quickly. (Speed+++)


Message History

You hit the scorpion.
The scorpion is moderately wounded.
You feel sick. The scorpion misses you.
You hit the scorpion but do no damage.
The scorpion is moderately wounded.
You feel sick. The scorpion closely misses you.
You closely miss the scorpion.
The scorpion is moderately wounded.
You feel sick. The scorpion stings you.
You hit the scorpion.
The scorpion is severely wounded.
You feel sick.
You hit the scorpion but do no damage.
The scorpion is severely wounded.
You feel sick. The scorpion misses you.
You hit the scorpion.
The scorpion is severely wounded.
You feel sick. The scorpion stings you.
You are lethally poisoned!
The scorpion poisons you!
You feel very sick.
* * * LOW HITPOINT WARNING * * *
You feel sick.
* * * LOW HITPOINT WARNING * * *
You feel sick.
* * * LOW HITPOINT WARNING * * *
You feel sick.
As you read the scroll of teleportation, it crumbles to dust.
You feel strangely unstable.
* * * LOW HITPOINT WARNING * * *
You feel sick.
It was a potion of might.
You feel very mighty all of a sudden.
* * * LOW HITPOINT WARNING * * *
You feel sick.
The scorpion stings you but does no damage.
You gain the combat prowess of a mighty hero.
* * * LOW HITPOINT WARNING * * *
You feel sick. The scorpion stings you!
You die...

>.⌠.#..#....#.###.#....#
.......#...###...#.....#
⌠.....#.###.#.(..#....#..
#...###...#..>..#...##
##....#....#....#.###.#
....##.....#...###...#..
###.##....#.###.#....#...
#.##...###...#.....# ..
#.#.###.#....#@...#....
#.## #...s.#s..###... #.#
#....#.###...### ##.
#...###........ . #.###.
###...## . # ###.. ##


You could see a scorpion.

Vanquished Creatures
  Pikel (D:4)
  A black bear (D:2)
  2 necrophages (D:5)
  2 ogres
  2 centaurs
  3 phantoms
  2 howler monkeys
  3 wights (D:5)
  A jelly (D:4)
  A centaur zombie (D:5)
  4 hounds
  3 orc priests
  2 centaur skeletons
  A bullfrog skeleton (D:5)
  A gnoll shaman (D:4)
  An orc wizard (D:6)
  4 iguanas
  A hound skeleton (D:5)
  4 gnolls (D:4)
  8 adders
  A shadow imp (D:6)
  A white imp (D:6)
  An ufetubus (D:6)
  An adder skeleton (D:5)
  A worm (D:2)
  A dart slug (D:2)
  11 orcs
  4 bats
  3 endoplasms
  A giant cockroach (D:4)
  3 goblins
  7 hobgoblins
  2 jackals (D:4)
  3 kobolds
  2 quokkas
  8 ball pythons
  4 frilled lizards
  A quokka skeleton (D:4)
  4 rats
  A spectral orc (D:3)
107 creatures vanquished.

Vanquished Creatures (others)
  17 plants (D:4)
17 creatures vanquished.

Grand Total: 124 creatures vanquished

Notes
Turn   | Place    | Note
-------+----------+-------------------------------------------
     0 | D:1      | AmazingTV the Spriggan Brigand began the quest for the Orb.
     0 | D:1      | Reached XP level 1. HP: 10/10 MP: 2/2
   196 | D:1      | Reached skill level 6 in Stealth
   490 | D:1      | Reached XP level 2. HP: 14/14 MP: 3/3
   985 | D:2      | Reached XP level 3. HP: 9/18 MP: 4/4
  1319 | D:2      | Found a faded altar of an unknown god.
  1748 | D:3      | Noticed a black bear
  2141 | D:3      | Identified the +2 robe of the Volcano {rElec Str+4}
  2229 | D:2      | Killed a black bear
  2230 | D:2      | Reached skill level 7 in Stealth
  2230 | D:2      | Reached XP level 4. HP: 19/22 MP: 5/5
  2230 | D:2      | Reached XP level 5. HP: 22/25 MP: 6/6
  4255 | D:2      | Reached skill level 8 in Stealth
  4255 | D:2      | Reached XP level 6. HP: 22/30 MP: 7/7
  4488 | D:3      | Found a basalt altar of Yredelemnul.
  5030 | D:3      | Reached skill level 5 in Short Blades
  5356 | D:3      | Reached XP level 7. HP: 9/33 MP: 8/8
  5658 | D:4      | Noticed Pikel
  5737 | D:4      | Killed Pikel
  5738 | D:4      | Reached skill level 5 in Throwing
  5738 | D:4      | Reached skill level 10 in Stealth
  5880 | D:4      | Reached XP level 8. HP: 33/37 MP: 9/9
  6246 | D:4      | Found a sparkling altar of Nemelex Xobeh.
  6247 | D:4      | Found an iron altar of Okawaru.
  6248 | D:4      | Found a shadowy altar of Dithmenos.
  6249 | D:4      | Found a glowing golden altar of the Shining One.
  6264 | D:4      | Became a worshipper of Warmaster Okawaru
  6967 | D:5      | Entered Level 5 of the Dungeon
  7386 | D:5      | Reached skill level 1 in Slings
  7386 | D:5      | Reached skill level 11 in Stealth
  7587 | D:5      | Found a glowing silver altar of Zin.
  8419 | D:5      | Reached * piety under Okawaru
  8638 | D:5      | Found a burning altar of Makhleb.
  9631 | D:6      | Reached skill level 12 in Stealth
  9631 | D:6      | Reached XP level 9. HP: 26/41 MP: 7/10
 10505 | D:7      | Found a staircase to the Ecumenical Temple.
 10568 | D:7      | Slain by a scorpion

Illustrated notes

Levels and vault maps discovered:
D:1:      lemuel_arrival_funnel, layout_basic, minmay_tetromino_i2
D:2:      layout_loops_ring, basic_ecumenical_altar, kennysheep_generic_room_3
D:3:      layout_loops_ring, yredelemnul_forgotten_temple_becter,
          kennysheep_generic_room_14
D:4:      layout_cave_pools, chequers_temple_overflow_statue_of_worship,
          grunt_decor_cap, nicolae_grassy_gnolls, uniq_pikel
D:5:      layout_basic, lemuel_doored_altar, makhleb_blood_cavern_becter
D:6:      layout_basic
D:7:      nicolae_BIG_FREAKIN_CUBE, layout_loops_corners,
          lemuel_coloured_pillars_altar, xom_confusion_cloud, temple_fountains

Skill      XL: |  1  2  3  4  5  6  7  8  9 |
---------------+----------------------------+-----
Stealth        | 6 7 8 10 12 | 12.2
Short Blades   | 3 4 5 6 7 8 |  8.0
Throwing       | 3 4 5 6 |  6.2
Slings         | 3 4 |  4.1
Fighting       | |  1.5
Dodging        | |  1.3

Action                   |  1- 3 |  4- 6 |  7- 9 || total
-------------------------+-------+-------+-------++-------
Melee: Dagger            |    74 |   143 |   211 ||   428
       Short sword       |       |    90 |   214 ||   304
       Punch             |       |     1 |    12 ||    13
 Fire: Hunting sling     |       |       |    64 ||    64
Throw: Dart              |     9 |    16 |    17 ||    42
Invok: Heroism           |       |       |     1 ||     1
  Use: Scroll            |       |       |     3 ||     3
       Potion            |       |       |     1 ||     1
 Stab: Sleeping          |    11 |     8 |     8 ||    27
       Distracted        |     2 |     1 |     1 ||     4
Armor: Robe              |     6 |    30 |    61 ||    97
Dodge: Dodged            |    57 |   215 |   316 ||   588
